 Dungeon Crawl Stone Soup version 0.23.2-40-g277498a (webtiles) character file.

Game seed: 18303217105507650744

1950 Aphrodieselac the Infuser (level 9, 0/61 HPs)
             Began as a Merfolk Skald on Aug 30, 2019.
             Was a Follower of Okawaru.
             Slain by an iguana (8 damage)
             ... on level 6 of the Dungeon.
             The game lasted 00:32:48 (5756 turns).

Aphrodieselac the Infuser (Merfolk Skald)           Turns: 5756, Time: 00:32:48

Health: 0/61       AC:  7    Str: 22    XL:     9   Next: 18%
Magic:  6/12       EV: 11    Int: 11    God:    Okawaru [*.....]
Gold:   273        SH:  5    Dex: 12    Spells: 4/12 levels left

rFire    . . .     SeeInvis .   a - +0 spear
rCold    . . .     Gourm    .   l - +2 buckler {AC+3}
rNeg     + . .     Faith    .   g - +0 leather armour
rPois    +         Spirit   .   (no helmet)
rElec    .         Reflect  .   (no cloak)
rCorr    .         Harm     .   s - +0 pair of gloves
MR       .....                  (no boots)
Stlth    +.........             t - amulet of regeneration
HPRegen  0.60/turn              q - ring of positive energy
MPRegen  0.13/turn              x - ring of Domi {rPois Str+10 Int-3 Dex-2} (curse)

@: infused
A: change form in water, swift swim, stealthy swim
a: Heroism, Renounce Religion


You were on level 6 of the Dungeon.
You worshipped Okawaru.
Okawaru was aware of your devotion.
You were not hungry.

You visited 2 branches of the dungeon, and saw 7 of its levels.

You collected 273 gold pieces.

Inventory:

Hand Weapons
 a - a +0 spear (weapon)
 b - a +0 hunting sling
Missiles
 h - 145 stones (quivered)
 r - 48 sling bullets
 y - 7 javelins
Armour
 g - a +0 leather armour (worn)
 l - a +2 buckler of protection (worn)
 s - a +0 pair of gloves (worn)
Jewellery
 q - a ring of positive energy (left hand)
 t - an amulet of regeneration (around neck)
 x - the cursed ring of Domi (right hand) {rPois Str+10 Int-3 Dex-2}
   (You found it on level 6 of the Dungeon)

   [ring of dexterity]

   It affects your strength (+10).
   It affects your intelligence (-3).
   It affects your dexterity (-2).
   It protects you from poison.
   It has a curse placed upon it.
 B - an uncursed ring of teleportation
Wands
 D - a wand of scattershot (5)
Scrolls
 c - a scroll of blinking
 e - 2 scrolls of teleportation
 j - a scroll of fog
 k - a scroll of fear
 m - a scroll of magic mapping {unknown}
 o - a scroll of remove curse
 p - 7 scrolls of identify
 w - a scroll of amnesia {unknown}
 A - 2 scrolls of enchant armour {unknown}
 E - a scroll of noise {unknown}
Potions
 f - a potion of flight {unknown}
 i - 3 potions of curing {unknown}
 n - 2 potions of degeneration {unknown}
 u - a potion of agility
 v - 2 potions of invisibility {unknown}
 z - a potion of berserk rage
 C - a potion of ambrosia {unknown}
Comestibles
 d - 10 rations
 F - 4 chunks of flesh


   Skills:
 - Level 2.1 Fighting
 + Level 10.0 Polearms
 - Level 0.6 Armour
 - Level 2.6 Dodging
 - Level 2.0 Spellcasting
 * Level 10.8 Charms


You had 4 spell levels left.
You knew the following spells:

 Your Spells              Type           Power        Failure   Level  Hunger
a - Infusion              Chrm           ####         1%          1    ##.....
b - Song of Slaying       Chrm           ####....     1%          2    ###....
c - Shroud of Golubria    Chrm/Tloc      ##........   9%          2    ###....
d - Spectral Weapon       Hex/Chrm       ##......     19%         3    ####...

Your spell library contained the following spells:

 Spells                   Type           Power        Failure   Level  Hunger
 Regeneration             Chrm/Necr      ##........   19%         3    ####...


Dungeon Overview and Level Annotations

Branches:
Dungeon (6/15)             Temple (1/1) D:5

Altars:
Ashenzari
Cheibriados
Dithmenos
Elyvilon
Gozag
Kikubaaqudgha
Okawaru
Sif Muna
Uskayaw
Xom
The Shining One


Message History

You hit the orc warrior but do no damage.
The orc warrior is lightly wounded.
You block the iguana's attack.
You hit the orc warrior.
The orc warrior is lightly wounded.
You block the orc warrior's attack. The iguana bites you!
* * * LOW HITPOINT WARNING * * *
You hit the orc warrior!
The orc warrior is heavily wounded.
You hit the orc warrior.
The orc warrior is heavily wounded.
The orc warrior hits you but does no damage.
The iguana bites you!
* * * LOW HITPOINT WARNING * * *
You hit the orc warrior.
The orc warrior is severely wounded.
You hit the orc warrior.
The orc warrior is severely wounded.
The iguana bites you!
You die...

.#.# #......#.# #######.######
#..# ##.......# #.##.... ..##
#..####.######## #.##.###
..#######.#.###.##.....#
#.......
....l.##.###.##.##.....#
##.#.#..
......o.#.#..##........#
#.#....
......#.#....o...#.....#
#.#....
..##...)...#.###o#.....#
#.#.##. ..##.##.##.#.#
#@####### #.#.##.
..##.##.##.#.###l# #......
..##.##..........# ###.###
.###.#####.#.######## #.#
####.#####..........#########.#
#.......)...#######...........#
#.###.#####.# #..########## ..#
#.......# #..# #.###.###...##
#########


You could see an orc warrior and an iguana.

Vanquished Creatures
  Menkaure (D:6)
  Edmund (D:6)
  Duvessa (D:3)
  A sky beast (D:5)
  A centaur (D:5)
  3 ogres
  Blork the orc (D:6)
  Dowan (D:3)
  4 scorpions
  2 howler monkeys
  A crimson imp (D:5)
  A centaur zombie (D:5)
  An orc priest (D:3)
  2 hounds (D:6)
  2 orc wizards (D:3)
  A jelly (D:6)
  Natasha (thrice) (D:4 D:3)
  An iguana (D:6)
  6 worker ants
  A worker ant zombie (D:6)
  14 adders
  8 gnolls
  2 shadow imps (D:5)
  An adder zombie (D:5)
  An adder skeleton (D:5)
  2 dart slugs
  3 leopard geckos
  3 orcs
  A ball python (D:4)
  5 giant cockroaches
  5 goblins
  5 hobgoblins
  2 quokkas
  A ball python zombie (D:3)
  6 bats
  5 frilled lizards
  A jackal skeleton (D:5)
  4 kobolds
  10 rats
  A plant (D:1)
115 creatures vanquished.

Notes
Turn   | Place    | Note
-------+----------+-------------------------------------------
     0 | D:1      | Aphrodieselac the Merfolk Skald began the quest for the
                  | Orb.
     0 | D:1      | Reached XP level 1. HP: 16/16 MP: 3/3
   218 | D:1      | Reached XP level 2. HP: 20/22 MP: 5/5
   882 | D:2      | Reached XP level 3. HP: 27/27 MP: 6/6
  1526 | D:3      | Reached XP level 4. HP: 31/33 MP: 1/7
  1847 | D:3      | Found a glowing golden altar of the Shining One.
  1967 | D:3      | Reached skill level 5 in Charms
  1970 | D:3      | Reached XP level 5. HP: 31/38 MP: 1/8
  2097 | D:3      | Reached skill level 5 in Polearms
  2204 | D:3      | Learned a level 2 spell: Song of Slaying
  2207 | D:3      | Learned a level 2 spell: Shroud of Golubria
  2211 | D:3      | Learned a level 3 spell: Spectral Weapon
  2440 | D:4      | Noticed Natasha
  2447 | D:4      | Reached XP level 6. HP: 43/44 MP: 2/9
  2455 | D:4      | Killed Natasha
  2588 | D:4      | Found an ancient bone altar of Kikubaaqudgha.
  2603 | D:4      | Noticed Duvessa
  3024 | D:4      | Noticed Natasha
  3041 | D:3      | Killed Natasha
  3095 | D:3      | Noticed Natasha
  3101 | D:3      | Killed Natasha
  3101 | D:3      | Reached XP level 7. HP: 40/50 MP: 4/10
  3171 | D:4      | HP: 2/50 [ogre/+0 giant club (26)]
  3489 | D:4      | Noticed Dowan
  3633 | D:4      | Found a white marble altar of Elyvilon.
  3789 | D:3      | Killed Dowan
  3844 | D:3      | Killed Duvessa
  3931 | D:5      | Entered Level 5 of the Dungeon
  4141 | D:5      | Found a staircase to the Ecumenical Temple.
  4146 | Temple   | Entered the Ecumenical Temple
  4227 | Temple   | Became a worshipper of Warmaster Okawaru
  4291 | D:5      | Reached XP level 8. HP: 56/56 MP: 7/11
  5018 | D:6      | Reached * piety under Okawaru
  5060 | D:6      | Noticed Menkaure
  5066 | D:6      | Killed Menkaure
  5066 | D:6      | Reached skill level 10 in Charms
  5073 | D:6      | Got a bound iron ring
  5079 | D:6      | Identified the cursed ring of Domi {rPois Str+10 Int-3
                  | Dex-2} (You found it on level 6 of the Dungeon)
  5211 | D:6      | Noticed Edmund
  5311 | D:6      | Killed Edmund
  5311 | D:6      | Reached XP level 9. HP: 48/61 MP: 1/12
  5575 | D:6      | Noticed Blork the orc
  5594 | D:6      | Killed Blork the orc
  5665 | D:5      | Reached skill level 10 in Polearms
  5756 | D:6      | Slain by an iguana

Skill      XL: |  1  2  3  4  5  6  7  8  9 |
---------------+----------------------------+-----
Charms         | 4 5 6 7 8 10 | 10.8
Polearms       | 4 5 6 7 9 10 | 10.0
Fighting       | |  2.1
Armour         | |  0.6
Dodging        | |  2.6
Spellcasting   | |  2.0

Action                   |  1- 3 |  4- 6 |  7- 9 || total
-------------------------+-------+-------+-------++-------
Melee: Spear             |   182 |   185 |   441 ||   808
       Tailslap          |    11 |       |       ||    11
Throw: Stone             |     3 |       |       ||     3
 Cast: Infusion          |     5 |    12 |    24 ||    41
       Shroud of Golubri |       |     1 |    11 ||    12
  Use: Scroll            |       |       |     6 ||     6
 Stab: Sleeping          |     1 |       |       ||     1
  Eat: Chunk             |     2 |     6 |    10 ||    18
Armor: Leather armour    |    19 |    44 |    63 ||   126
Dodge: Dodged            |    48 |    65 |   117 ||   230
Block: Buckler           |    10 |    36 |    72 ||   118
